 Dungeon Crawl Stone Soup version 0.20.1-1-g8b1a95d (webtiles) character file.

78 Melbolja the Skirmisher (level 4, 0/40 HPs)
             Began as a Hill Orc Fighter on Oct 8, 2017.
             Slain by a river rat (7 damage)
             ... in a sewer.
             The game lasted 00:13:15 (1814 turns).

Melbolja the Skirmisher (Hill Orc Fighter)          Turns: 1814, Time: 00:13:17

Health: 0/40       AC:  7    Str: 18    XL:     4   Next: 36%
Magic:  4/4        EV:  7    Int:  8    God:
Gold:   115        SH:  9    Dex: 11    Spells: 3/3 levels left

rFire    . . .     SeeInvis .   a - +0 long sword
rCold    . . .     Gourm    .   c - +0 shield
rNeg     . . .     Faith    .   b - +0 scale mail
rPois    .         Spirit   .   (no helmet)
rElec    .         Reflect  .   (no cloak)
rCorr    .         Harm     .   (no gloves)
MR       .....                  (no boots)
Stlth    ..........             (no amulet)
Regen    0.2/turn               (no ring)
MPRegen  0.1/turn               (no ring)

@: no status effects
A: no striking features
a: no special abilities


You were in a sewer.
You were not hungry.

You visited 1 branch of the dungeon, and saw 3 of its levels.
You also visited: Sewer.

You collected 115 gold pieces.

Inventory:

Hand Weapons
 a - a +0 long sword (weapon)
Missiles
 q - 107 stones (quivered)
Armour
 b - a +0 scale mail (worn)
 c - a +0 shield (worn)
Jewellery
 j - an uncursed ring of ice {unknown}
Scrolls
 g - a scroll of identify {unknown}
 i - a scroll of fog {unknown}
 k - 2 scrolls of fear {unknown}
 l - a scroll of recharging {unknown}
 m - 2 scrolls of enchant armour {unknown}
Potions
 d - a potion of might
 e - a potion of berserk rage {unknown}
 o - a potion of curing {unknown}
 p - a potion of haste {unknown}
 s - a potion of magic {unknown}
 t - a potion of agility {unknown}
Comestibles
 f - a bread ration
 h - 10 fruits
 n - a meat ration
 r - 2 chunks of flesh


   Skills:
 + Level 4.2 Fighting
 + Level 3.1 Long Blades
 + Level 3.8 Armour
 + Level 0.1 Dodging
 + Level 0.3 Stealth
 + Level 4.0 Shields


You had 3 spell levels left.
You didn't know any spells.

Dungeon Overview and Level Annotations

Branches:
Dungeon (3/15)

Altars:
Gozag
Nemelex Xobeh


Message History

There is a glowing drain here.
The world spins around you as you enter the gateway.
You enter a sewer! 2 rats and 3 river rats come into view.
Found a gate leading back out of this place.
There is an empty arch of ancient stone here.
There is a gate leading back out of this place here.
You hit the river rat but do no damage. You block the river rat's attack.
You closely miss the river rat. The river rat bites you.
You closely miss the river rat. The river rat bites you.
You barely miss the river rat. You block the river rat's attack. x2
The river rat bites you! x2
Your shield prevents you from hitting the river rat.
The river rat bites you! You block the river rat's attack.
You hit the river rat but do no damage. The river rat bites you.
* * * LOW HITPOINT WARNING * * *
The river rat bites you.
* * * LOW HITPOINT WARNING * * *
You closely miss the river rat. The river rat bites you!
You die...

#.#
#.#
#.#
#.#
#.#
#r#
#r#
#r#
#@#
#r#
#r#
#.#
###


You could see 3 river rats and 2 rats.

Vanquished Creatures
  An adder (D:2)
  An ooze (D:1)
  5 dart slugs
  3 leopard geckos
  6 bats
  2 giant cockroaches (D:2)
  5 goblins
  6 hobgoblins
  3 jackals (D:1)
  A quokka (D:2)
  3 ball pythons
  2 frilled lizards
  6 kobolds
  5 rats
49 creatures vanquished.

Notes
Turn   | Place    | Note
-------+----------+-------------------------------------------
     0 | D:1      | Melbolja the Hill Orc Fighter began the quest for the Orb.
     0 | D:1      | Reached XP level 1. HP: 19/19 MP: 1/1
   137 | D:1      | Reached XP level 2. HP: 21/27 MP: 2/2
   501 | D:1      | Reached XP level 3. HP: 33/33 MP: 3/3
  1304 | D:2      | Found an opulent altar of Gozag.
  1305 | D:2      | Found a sparkling altar of Nemelex Xobeh.
  1364 | D:2      | Reached XP level 4. HP: 37/40 MP: 4/4
  1791 | D:3      | Found a glowing drain.
  1804 | Sewer    | Entered a sewer
  1814 | Sewer    | Slain by a river rat

Skill      XL: |  1  2  3  4 |
---------------+-------------+-----
Fighting       | 4 |  4.2
Long Blades    | 3 |  3.1
Shields        | 4 |  4.0
Armour         | |  3.8
Dodging        | |  0.1
Stealth        | |  0.3

Action                   |  1- 3 |  4- 6 || total
-------------------------+-------+-------++-------
Melee: Long sword        |   117 |    33 ||   150
  Eat: Chunk             |     2 |     1 ||     3
Armor: Scale mail        |    41 |    12 ||    53
Dodge: Dodged            |    36 |     9 ||    45
Block: Shield            |    59 |    22 ||    81
       Rpst.: Long sword |    11 |       ||    11
